 Dungeon Crawl Stone Soup version 0.27.0-66-gdc8fb28755 (webtiles) character file.

Game seed: 11432937853044280730

82 Spectrina the Covert (level 4, -5/27 HPs)
             Began as a Vampire Delver on Aug 20, 2021.
             Slain by a mummy (15 damage)
             ... in an ossuary.
             The game lasted 00:03:47 (947 turns).

Spectrina the Covert (Vampire Delver)                Turns: 947, Time: 00:03:48

Health: -5/27      AC:  3    Str: 11    XL:     4   Next: 21%
Magic:  4/4        EV: 12    Int: 12    God:
Gold:   0          SH:  0    Dex: 16    Spells: 3/3 levels left

rFire    . . .     SeeInvis +   a - +0 short sword
rCold    + + .     Faith    .   (no shield)
rNeg     + + +     Spirit   .   b - +0 leather armour
rPois    ∞         Reflect  .   (no helmet)
rElec    .         Harm     .   (no cloak)
rCorr    .         Rampage  .   (no gloves)
Will     .....                  (no boots)
Stlth    ++++++....             (no amulet)
HPRegen  0.00/turn              (no ring)
MPRegen  0.09/turn              (no ring)

@: bloodless, inhibited regen
A: bloodless, fangs 3, see invisible, vampiric 2
a: Bat Form, Revivify


You were in an ossuary.
You visited 1 branch of the dungeon, and saw 1 of its levels.
You also visited: Ossuary.

Inventory:

Hand Weapons
 a - a +0 short sword (weapon)
Armour
 b - a +0 leather armour (worn)
Wands
 g - a wand of digging (3)
Scrolls
 c - a scroll of fog
 d - a scroll of magic mapping
 e - a scroll of fear
Potions
 f - a potion of haste


   Skills:
 - Level 2.6 Fighting
 - Level 2.1 Short Blades
 - Level 2.1 Dodging
 + Level 9.7 Stealth


You had 3 spell levels left.
You didn't know any spells.
Your spell library was empty.

Dungeon Overview and Level Annotations

Branches:
Dungeon (5/15)            Ossuary (1/1)
 Temple: D:4-7

Altars:


Innate Abilities, Weirdness & Mutations

You do not regenerate when monsters are visible.
You are frail without blood (-20% HP).
You can heal yourself when you bite living creatures.
You are immune to poison.
You have razor-sharp teeth.
You have supernaturally acute eyesight. (SInv)
You are afflicted with vampirism and can become a bat while bloodless.


Message History

There is an open door here.
The helpless kobold zombie fails to defend itself.
You impale the kobold zombie!!
You destroy the kobold zombie!
The helpless quokka zombie fails to defend itself.
You impale the quokka zombie!!
You destroy the quokka zombie!
There is an open door here.
You open the door. 2 zombies come into view.
There is an open door here.
The helpless adder zombie fails to defend itself.
You impale the adder zombie!!
You destroy the adder zombie!
The helpless rat zombie fails to defend itself.
You impale the rat zombie!!
You destroy the rat zombie!
You open the door.
There is an open door here.
There is an open door here.
A mummy comes into view.
You hit the mummy.
The mummy is lightly damaged.
The mummy hits you.
You hit the mummy. You bite the mummy.
The mummy is lightly damaged.
You hit the mummy but do no damage. You bite the mummy.
The mummy is moderately damaged.
The mummy barely misses you.
You hit the mummy. Your bite misses the mummy.
The mummy is heavily damaged.
The mummy hits you!
Ouch! That really hurt!
You hit the mummy. You bite the mummy, but do no damage.
The mummy is heavily damaged.
You hit the mummy.
The mummy is heavily damaged.
The mummy hits you!
Ouch! That really hurt!
You die...

#..# #..#
#..+ #..#
#..# #..#
#.M+ #.@#
#..# #..#
#..+
#..########
#..#.#....#
#..#.#....#
#..'.'....#
#..###....#


You could see a mummy.

Vanquished Creatures
  2 centaur zombies (Ossuary)
  An adder zombie (Ossuary)
  A goblin zombie (Ossuary)
  3 hobgoblin zombies (Ossuary)
  A kobold zombie (Ossuary)
  2 quokka zombies (Ossuary)
  3 rat zombies (Ossuary)
13 creatures vanquished.

Notes
Turn   | Place    | Note
-------+----------+-------------------------------------------
     0 | D:5      | Spectrina the Vampire Delver began the quest for the Orb.
     0 | D:5      | Reached XP level 1. HP: 17/17 MP: 1/1
    39 | D:5      | Found a sand-covered staircase.
    39 | D:5      | Noticed an orc priest
    39 | D:5      | Noticed an orc wizard
   100 | Ossuary  | Entered an ossuary
   302 | Ossuary  | Reached skill level 8 in Stealth
   302 | Ossuary  | Reached XP level 2. HP: 7/18 MP: 2/2
   302 | Ossuary  | Gained mutation: You are afflicted with vampirism and can
                  | become a bat while bloodless. [Vampire growth]
   302 | Ossuary  | Reached XP level 3. HP: 9/22 MP: 3/3
   366 | Ossuary  | HP: 1/22 [centaur zombie (2)]
   369 | Ossuary  | Reached skill level 9 in Stealth
   369 | Ossuary  | Reached XP level 4. HP: 2/27 MP: 4/4
   947 | Ossuary  | Slain by a mummy

Illustrated notes

Levels and vault maps discovered:
D:5:      layout_rooms, nicolae_ossuary_entry_monument, minmay_misc_feat_plants
Ossuary:  ossuary_boxes_badplayer

Skill      XL: |  1  2  3 |
---------------+----------+-----
Stealth        | 8 9 |  9.7
Fighting       | |  2.6
Short Blades   | |  2.1
Dodging        | |  2.1

Action                   |  1- 3 |  4- 6 || total
-------------------------+-------+-------++-------
Melee: Short sword       |    28 |    12 ||    40
       Bite              |     3 |     4 ||     7
 Abil: Exsanguinate      |     1 |       ||     1
 Stab: Sleeping          |     6 |     4 ||    10
Armor: Leather armour    |    24 |     1 ||    25
Dodge: Dodged            |     9 |     3 ||    12
